 Dungeon Crawl Stone Soup version 0.31-a0-222-gefeffbb62a (webtiles) character file.

Game seed: 13276834027263135297

63 Maxmaps the Poker (level 3, -1/27 HPs)
             Began as a Demonspawn Reaver on July 6, 2023.
             Slain by Sigmund
             ... wielding a +1 scythe of flaming
              (2 damage)
             ... on level 3 of the Dungeon.
             The game lasted 00:03:08 (2510 turns).

Maxmaps the Poker (Demonspawn Reaver)               Turns: 2510, Time: 00:03:09

Health: -1/27      AC:  6    Str: 12    XL:     3   Next: 89%
Magic:  6/6        EV: 10    Int: 16    God:
Gold:   94         SH:  0    Dex: 11    Spells: 5/6 levels left

rFire   . . .        a - +1 spear (venom)
rCold   . . .        (no shield)
rNeg    . . .        e - +0 ring mail
rPois   .            j - +0 helmet
rElec   .            c - scarf {+Inv}
rCorr   .            (no gloves)
SInv    .            (no boots)
Will    .....        l - amulet of magic regeneration Stlth
                     (no ring)
HPRegen 0.24/turn    (no ring)
MPRegen 0.50/turn

%: no passive effects
@: confused
A: large bone plates 1, demonic guardian 1
a: Evoke Invisibility


You were on level 3 of the Dungeon.
You visited 1 branch of the dungeon, and saw 3 of its levels.

You collected 94 gold pieces.

Inventory:

Hand Weapons
 a - a +1 spear of venom (weapon)
Armour
 b - a +0 leather armour
 c - a scarf of invisibility (worn)
 e - a +0 ring mail (worn)
 j - a +0 helmet (worn)
Jewellery
 l - an amulet of magic regeneration (around neck)
Scrolls
 f - a scroll of poison
Potions
 d - a potion of ambrosia {unknown}
 g - 2 potions of curing
 m - a potion of enlightenment {unknown}
 n - a potion of haste {unknown}
 q - 2 potions of resistance


   Skills:
 - Level 2.0 Fighting
 + Level 4.1 Polearms
 - Level 1.8 Dodging
 - Level 2.1 Spellcasting
 - Level 3.2 Conjurations


You had 5 spell levels left.
You knew the following spells:

 Your Spells              Type           Power      Damage    Failure   Level
a - Kiss of Death         Conj/Necr      24%        2d7       24%         1

Your spell library contained the following spells:

 Spells                   Type           Power      Damage    Failure   Level
 Momentum Strike          Conj/Tloc      12%        3d8       36%         2
 Hailstorm                Conj/Ice       6%         3d4       58%         3
 Volatile Blastmotes      Fire/Tloc      2%         2d10      80%         3
 Fulminant Prism          Conj/Hex       3%         3d5       94%         4
 Iskenderun's Mystic Bla  Conj/Tloc      6%         2d4       94%         4
 Lee's Rapid Deconstruct  Erth           0%         3d4*      100%        5


Dungeon Overview and Level Annotations

Branches:
Dungeon (3/15)

Altars:

Shops:
D:1 *

Annotations:
D:3 Sigmund


Innate Abilities, Weirdness & Mutations

You are partially covered in large bone plates. (SH +4)
A weak demonic guardian rushes to your aid.


Message History

There is a stone staircase leading up here.
No target in view!
Sigmund hits you from afar with a +1 scythe of flaming.
Sigmund burns you.
There is an escape hatch in the ceiling here.
You reach to attack!
You closely miss Sigmund.
You reach to attack!
You closely miss Sigmund. Sigmund gestures at you while chanting.
You resist with significant effort.
You reach to attack!
You barely miss Sigmund. Sigmund barely misses you.
You reach to attack!
You hit Sigmund but do no damage.
Sigmund is poisoned.
Sigmund barely misses you.
You reach to attack!
You closely miss Sigmund.
You reach to attack!
You hit Sigmund.
Sigmund looks as sick as possible!
Sigmund is lightly wounded.
Sigmund says, "You will soon forget everything."
Sigmund hits you from afar with a +1 scythe of flaming.
Sigmund burns you.
You reach to attack!
You closely miss Sigmund.
Sigmund is lightly wounded.
You reach to attack!
You hit Sigmund.
Sigmund looks as sick as possible!
Sigmund is moderately wounded.
Sigmund gestures at you while chanting.
You are confused.
You are too confused!
You are too confused!
You are too confused!
You bump into the rock wall.
Sigmund hits you from afar with a +1 scythe of flaming!
Sigmund burns you.
You bump into the rock wall.
Sigmund barely misses you.
You bump into the rock wall.
Sigmund hits you with a +1 scythe of flaming.
Sigmund burns you.
You hit Sigmund.
Sigmund is almost dead.
Sigmund hits you with a +1 scythe of flaming!
* * * LOW HITPOINT WARNING * * *
A demonic guardian appears!
Sigmund burns you.
You die...

................(#
.....##..#..####.#
............# #.#
#....#......# #.#
#....#..#...# #.#
..........#.# #.#
#####...#.#.# #5#
##..#.#.#.# #@#
###..##.#.#.####@#
#...###.#5#.#<.<.#
..### #.#.#.######
##......#.#.#
....#####.#.#
....##....#.#
..[.##.####.###########
...###.# #...........#
######.##############.#


You could see Sigmund (very poisoned, ally target) and a friendly quasit
(summoned).

Vanquished Creatures
  A worm (D:3)
  2 dart slugs (D:1)
  2 bats (D:1)
  9 endoplasms
  4 giant cockroaches
  3 goblins
  6 hobgoblins
  2 quokkas
  6 ball pythons
  2 frilled lizards
  7 kobolds
  5 rats
49 creatures vanquished.

Vanquished Creatures (collateral kills)
  A ball python (D:2)
1 creature vanquished.

Grand Total: 50 creatures vanquished

Notes
Turn   | Place    | Note
-------+----------+-------------------------------------------
     0 | D:1      | Maxmaps the Demonspawn Reaver began the quest for the Orb.
     0 | D:1      | Reached XP level 1. HP: 16/16 MP: 3/3
   138 | D:1      | Gained mutation: You are partially covered in large bone
                  | plates. (SH +4) [demonic ancestry]
   138 | D:1      | Reached XP level 2. HP: 20/22 MP: 5/5
   146 | D:1      | Reached skill level 3 in Polearms
   215 | D:1      | Found a faded altar of an unknown god.
   624 | D:1      | Found Zaerexy's Assorted Antiques.
   807 | D:1      | Gained mutation: A weak demonic guardian rushes to your
                  | aid. [demonic ancestry]
   807 | D:1      | Reached XP level 3. HP: 27/27 MP: 6/6
  1511 | D:2      | Reached skill level 4 in Polearms
  2236 | D:3      | Noticed Sigmund
  2248 | D:3      | HP: 1/27 [something (4)]
  2510 | D:3      | HP: 1/27 [Sigmund/+1 scythe of flaming (9)]
  2510 | D:3      | Slain by Sigmund

Illustrated notes

Levels and vault maps discovered:
D:1:      dpeg_arrival_more_subterranean_lakeside_camping, layout_loops_ring,
          serial_shops, nicolae_lakefront_shop, basic_ecumenical_altar,
          minmay_misc_feat_diagonals
D:2:      layout_basic, minmay_misc_feat_tower
D:3:      layout_basic, uniq_sigmund

Skill      XL: |  1  2  3 |
---------------+----------+-----
Polearms       | 3 4 |  4.1
Fighting       | |  2.0
Dodging        | |  1.8
Spellcasting   | |  2.1
Conjurations   | |  3.2

Action                     || total
---------------------------++-------
  Melee: Spear             ||   229
         Punch             ||     3
    Use: Scroll            ||     7
 Armour: Ring mail         ||    39
  Dodge: Dodged            ||    59
  Block: Other             ||    23

Table legend: (Time is in decaauts)
 A = Elapsed time spent in this place.
 B = Non-inter-level travel time spent in this place.
 C = Inter-level travel time spent in this place.
 D = Time resting spent in this place.
 E = Time spent auto-exploring this place.
 F = Levels seen in this place.
 G = Mean time per level.
                   A        B        C        D        E       F      G
               +--------+--------+--------+--------+--------+-----+--------+
         Total |   2493 |   2403 |     90 |    266 |   1681 |   3 |  831.0 |
       Dungeon |   2493 |   2403 |     90 |    266 |   1681 |   3 |  831.0 |
               +--------+--------+--------+--------+--------+-----+--------+

Top non-repeatable levels by time:
     D:2: 1020 daAuts
     D:1: 923 daAuts
     D:3: 549 daAuts
